 Dungeon Crawl Stone Soup version 0.19-a0-1834-g6b7851e (webtiles) character file.

2478 eragonby the Fighter (level 9, -1/74 HPs)
             Began as a Human Gladiator on Oct 8, 2016.
             Was a Believer of Elyvilon.
             Slain by an orc warrior
             ... wielding a +0 dire flail
              (22 damage)
             ... on level 7 of the Dungeon.
             The game lasted 00:26:38 (6538 turns).

eragonby the Fighter (Human Gladiator)              Turns: 6538, Time: 00:26:38

Health: -1/74      AC:  7    Str: 18    XL:     9   Next: 80%
Magic:  23/23      EV: 13    Int:  8    God:    Elyvilon [**....]
Gold:   254        SH:  0    Dex: 13    Spells: 2 memorised, 11 levels left

rFire  + . .     SeeInvis .     f - +2 great sword (slice)
rCold  . . .     Gourm    .     b - +0 leather armour
rNeg   . . .     Faith    .     (shield currently unavailable)
rPois  .         Spirit   .     (helmet restricted)
rElec  .         Dismiss  .     y - +0 cloak
rCorr  .         Reflect  .     m - +1 pair of gloves
MR     .....     Harm     .     (no boots)
Stlth  +.........               k - amulet of magic regeneration
                                u - ring of protection from fire
                                j - ring of magical power

@: no status effects
A: claws 1, horns 1, screaming 1, weak 1
a: Lesser Healing, Heal Other, Divine Protection, Renounce Religion


You were on level 7 of the Dungeon.
You worshipped Elyvilon.
Elyvilon was pleased with you.
You were not hungry.

You visited 2 branches of the dungeon, and saw 8 of its levels.

You collected 254 gold pieces.

Inventory:

Hand Weapons
 f - a +2 great sword of slicing (weapon)
Missiles
 d - a throwing net
 p - 12 javelins (quivered)
Armour
 b - a +0 leather armour (worn)
 e - a +0 chain mail
 l - a +0 helmet
 m - a +1 pair of gloves (worn)
 y - a +0 cloak (worn)
Jewellery
 i - an uncursed ring of protection from fire
 j - a ring of magical power (left hand)
 k - an amulet of magic regeneration (around neck)
 u - a ring of protection from fire (right hand)
Wands
 n - a wand of confusion (24/48)
 q - a wand of iceblast (8/15)
 t - a wand of polymorph (8/24)
 A - a wand of iceblast (8/15)
 F - a wand of iceblast (10/15)
Scrolls
 g - a scroll of amnesia {unknown}
 o - 2 scrolls of remove curse
 v - 3 scrolls of magic mapping
 z - 2 scrolls of enchant armour
Potions
 a - a potion of might {unknown}
 c - a potion of curing
 h - 3 potions of lignification
 r - a potion of ambrosia
 C - a potion of cancellation {unknown}
Comestibles
 s - 2 royal jellies
 D - 2 bread rations
 E - a beef jerky


   Skills:
 - Level 8.2 Fighting
 + Level 5.9 Long Blades
 - Level 2.0 Throwing
 - Level 7.0 Armour
 - Level 3.0 Dodging
 + Level 3.6 Spellcasting


You had 11 spell levels left.
You knew the following spells:

 Your Spells              Type           Power        Failure   Level  Hunger
a - Blink                 Tloc           N/A          65%         2    ###....
b - Repel Missiles        Chrm/Air       #.....       65%         2    ###....


Dungeon Overview and Level Annotations

Branches:
Dungeon (7/15)             Temple (1/1) D:5

Altars:
Ashenzari
Cheibriados
Dithmenos
Elyvilon
Fedhas
Gozag
Hepliaklqana
Kikubaaqudgha
Makhleb
Nemelex Xobeh
Okawaru
Qazlal
Ru
Sif Muna
Trog
Uskayaw
Vehumet
Xom
Yredelemnul
Zin
The Shining One

Annotations:
D:4 BenSoosneb's ghost, amateur TeCj


Innate Abilities, Weirdness & Mutations

You have sharp fingernails.
You have a pair of small horns on your head.
You occasionally shout uncontrollably at your foes.
You are weak. (Str -2)


Message History

The orc shouts!
The orc hits you but does no damage.
There is an open door here.
You barely miss the orc. The orc misses you.
You riposte.
You barely miss the orc.
The orc warrior hits you with a dire flail!
You barely miss the orc warrior. You headbutt the orc warrior.
The orc warrior is lightly wounded.
The orc hits you but does no damage. The orc warrior barely misses you.
The orc closely misses you.
You barely miss the orc warrior. Your headbutt misses the orc warrior.
The orc warrior is lightly wounded.
The orc warrior hits you with a dire flail.
The orc completely misses you.
You closely miss the orc warrior. You headbutt the orc warrior.
The orc warrior is moderately wounded.
The orc warrior hits you with a dire flail!!
The orc closely misses you.
The orc warrior hits you with a dire flail!!
You die...

........#..........#.......#
........#..........'.......#
........############..)....#
..................##########
..................#.......
............[.....#.......
..................#.......
..................#.......
................@.#.......
.................o#.......
..................oo......
..................###.....
'###+###+#####.....># ...
.......#.....#......# .
.......#.....'......#
.......#.....#......#
.......#.....#......#


You could see an orc warrior, an orc priest and an orc.

Vanquished Creatures
  Pikel (D:6)
  Eustachio (D:6)
  A hungry ghost (D:7)
  Menkaure (D:5)
  A slave (D:6)
  2 sky beasts
  A black bear (D:7)
  2 ogres (D:6)
  A phantom (D:7)
  A big kobold (D:6)
  A scorpion (D:7)
  5 killer bees (D:7)
  4 wights
  A crimson imp (D:5)
  A bullfrog zombie (D:7)
  2 jellies
  A hound (D:7)
  2 orc priests
  5 orc wizards
  2 iguanas
  2 worker ants
  A hound skeleton (D:6)
  11 adders
  2 worms (D:2)
  A dart slug (D:2)
  3 leopard geckos
  10 orcs
  7 bats
  8 giant cockroaches
  9 goblins
  5 hobgoblins
  6 jackals (D:3)
  10 kobolds
  5 quokkas
  3 frilled lizards
  A quokka skeleton (D:5)
  4 rats
124 creatures vanquished.

Vanquished Creatures (others)
  2 slaves (D:6)
  An orc wizard (D:5)
  2 kobolds (D:6)
5 creatures vanquished.

Grand Total: 129 creatures vanquished

Notes
Turn   | Place    | Note
-------+----------+-------------------------------------------
     0 | D:1      | eragonby the Human Gladiator began the quest for the Orb.
     0 | D:1      | Reached XP level 1. HP: 16/16 MP: 1/1
   111 | D:1      | Reached XP level 2. HP: 19/23 MP: 2/2
   741 | D:1      | Reached XP level 3. HP: 12/28 MP: 3/3
  1014 | D:2      | Reached skill level 3 in Fighting
  1160 | D:2      | Reached XP level 4. HP: 7/35 MP: 4/4
  1899 | D:3      | HP: 2/55 [poisoned by an adder]
  1907 | D:3      | HP: 1/55 [poisoned by an adder]
  1915 | D:3      | HP: 1/55 [poisoned by an adder]
  2238 | D:3      | Reached XP level 5. HP: 33/42 MP: 5/5
  2283 | D:3      | Reached skill level 4 in Fighting
  2286 | D:3      | Reached skill level 1 in Armour
  2548 | D:3      | Reached XP level 6. HP: 34/49 MP: 6/6
  3299 | D:4      | Noticed BenSoosneb's ghost (amateur TeCj)
  3346 | D:3      | Reached skill level 5 in Fighting
  3422 | D:5      | Entered Level 5 of the Dungeon
  3664 | D:5      | Reached XP level 7. HP: 44/56 MP: 7/7
  3717 | D:5      | Noticed Menkaure
  4465 | D:5      | Reached skill level 6 in Fighting
  4764 | D:5      | Killed Menkaure
  4764 | D:5      | Reached XP level 8. HP: 47/64 MP: 8/8
  4792 | D:5      | Found a staircase to the Ecumenical Temple.
  4843 | Temple   | Entered the Ecumenical Temple
  5068 | Temple   | Became a worshipper of Elyvilon the Healer
  5132 | D:6      | Reached skill level 5 in Armour
  5151 | D:6      | Noticed Pikel
  5164 | D:6      | Killed Pikel
  5164 | D:6      | Reached skill level 7 in Fighting
  5314 | D:6      | Learned a level 2 spell: Blink
  5316 | D:6      | Reached XP level 9. HP: 74/74 MP: 9/9
  5320 | D:6      | Learned a level 2 spell: Repel Missiles
  5476 | D:6      | Reached * piety under Elyvilon
  5536 | D:6      | Noticed Eustachio
  5542 | D:6      | Killed Eustachio
  5542 | D:6      | Reached skill level 8 in Fighting
  6067 | D:7      | Reached skill level 1 in Spellcasting
  6133 | D:7      | Gained mutation: You have sharp fingernails. [mutagenic meat]
  6136 | D:7      | Gained mutation: You have a pair of small horns on your head. [mutagenic meat]
  6139 | D:7      | Gained mutation: You are weak. (Str -2) [mutagenic meat]
  6142 | D:7      | Gained mutation: You occasionally shout uncontrollably at your foes. [mutagenic meat]
  6184 | D:7      | Found a blossoming altar of Fedhas.
  6232 | D:7      | Reached ** piety under Elyvilon
  6252 | D:7      | Reached skill level 5 in Long Blades
  6538 | D:7      | Slain by an orc warrior

Vault maps used:
D:1:      dpeg_arrival_lava_temple_mockup, serial_bayou_lake_a
D:3:      wad_woods_pond
D:5:      first_bread, grunt_ministairs_6, uniq_menkaure
D:6:      serial_glass, glass_columns_c, glass_columns_c, minivault_27,
          uniq_pikel, uniq_eustachio
D:7:      black_bear_nest_2, fedhas_altar_3
Temple:   kilobyte_greek_temple

Skill      XL: |  1  2  3  4  5  6  7  8  9 |
---------------+----------------------------+-----
Fighting       | 3 4 5 6 7 8 |  8.2
Long Blades    | 4 5 |  5.9
Armour         | 2 3 4 6 7 |  7.0
Spellcasting   | 3 |  3.6
Throwing       | |  2.0
Dodging        | |  3.0

Action                   |  1- 3 |  4- 6 |  7- 9 || total
-------------------------+-------+-------+-------++-------
Melee: Long sword        |    82 |   153 |     8 ||   243
       Great sword       |       |       |   166 ||   166
       Headbutt          |       |       |    13 ||    13
Throw: Javelin           |     6 |    16 |     1 ||    23
       Throwing net      |     2 |     2 |     1 ||     5
  Use: Scroll            |       |     4 |    14 ||    18
       Potion            |       |     2 |     4 ||     6
 Stab: Sleeping          |       |     1 |     1 ||     2
  Eat: Chunk             |     1 |     4 |     5 ||    10
       Bread ration      |       |     1 |       ||     1
       Royal jelly       |       |       |     1 ||     1
       Fruit             |       |       |     4 ||     4
       Meat ration       |       |       |     3 ||     3
Armor: Leather armour    |    16 |    43 |    67 ||   126
       Skin              |       |     4 |       ||     4
Dodge: Dodged            |    59 |   119 |   165 ||   343
       Rpst.: Long sword |    22 |    45 |     3 ||    70
       Great sword       |       |       |    50 ||    50
